 Dungeon Crawl Stone Soup version 0.22-a0-425-g89d60a1 (webtiles) character file.

22493 Amnesiac the Fetichist (level 12, -3/63 HPs)
             Began as a Spriggan Artificer on May 24, 2018.
             Was an Initiate of Gozag.
             Impaled on a porcupine's spines (16 damage)
             ... on level 2 of the Lair of Beasts.
             The game lasted 00:41:50 (22803 turns).

Amnesiac the Fetichist (Spriggan Artificer)        Turns: 22803, Time: 00:41:51

Health: -3/63      AC:  4    Str: 12    XL:     12   Next: 63%
Magic:  34/34      EV: 29    Int: 13    God:    Gozag
Gold:   3113       SH:  8    Dex: 17    Spells: 11/11 levels left

rFire    . . .     SeeInvis +   a - +2 short sword (drain)
rCold    . . .     Gourm    .   h - +0 buckler
rNeg     . . .     Faith    .   J - +0 robe
rPois    .         Spirit   .   p - +2 hat {MR+}
rElec    .         Reflect  .   F - scarf {cloud immunity}
rCorr    +         Harm     .   (gloves unavailable)
MR       +++..                  (boots unavailable)
Stlth    ++++......             (no amulet)
HPRegen  0.20/turn              w - ring of resist corrosion
MPRegen  0.24/turn              D - ring of magical power

@: gold aura, very quick
A: very small, unfitting armour, see invisible, herbivore, speed 3, slow
metabolism 2
a: Potion Petition, Call Merchant, Bribe Branch, Renounce Religion


You were on level 2 of the Lair of Beasts.
You worshipped Gozag.
Gozag was most pleased with you.
You were full.

You visited 4 branches of the dungeon, and saw 17 of its levels.
You also visited: Sewer, Ossuary and Volcano.

You collected 3252 gold pieces.
You spent 52 gold pieces at shops.
You paid 87 gold pieces to Gozag.

Inventory:

Hand Weapons
 a - a +2 short sword of draining (weapon)
 b - a +0 blowgun
 r - a +2 dagger of flaming
 E - the +8 whip "Snakebite" {curare, rPois}
   (You found it on level 1 of the Lair of Beasts)

   It poisons the flesh of those it strikes.
   It protects you from poison.
Missiles
 K - 4 curare-tipped needles
Armour
 h - a +0 buckler (worn)
 p - a +2 hat of magic resistance (worn)
 F - a scarf of cloud immunity (worn)
 H - a +0 cloak
 J - a +0 robe (worn)
Jewellery
 w - a ring of resist corrosion (left hand)
 D - a ring of magical power (right hand)
Wands
 d - a wand of polymorph (5)
 s - a wand of paralysis (9)
 L - a wand of enslavement (11)
Scrolls
 c - a scroll of acquirement {!r, unknown}
 e - 2 scrolls of immolation {!r}
 i - a scroll of blinking {!r, unknown}
 j - 2 scrolls of amnesia {!r, unknown}
 l - 8 scrolls of remove curse {!r}
 m - 3 scrolls of enchant weapon {!r, unknown}
 o - 5 scrolls of teleportation {!r}
 q - a scroll of brand weapon {!r}
 t - a scroll of fear {!r}
 y - a scroll of enchant armour {!r}
 B - 2 scrolls of fog {!r}
 G - a scroll of noise {!r}
 I - a scroll of summoning {!r}
Potions
 g - 5 potions of curing {!q}
 k - 4 potions of haste {!q}
 n - 8 potions of flight {!q}
 u - a potion of agility {!q}
 v - a potion of brilliance {!q}
 x - a potion of cancellation {!q}
 z - 2 potions of might {!q}
 A - 2 potions of heal wounds {!q}
 C - a potion of magic {!q}
 M - a potion of mutation {!q, unknown}
Comestibles
 f - 7 rations


   Skills:
 + Level 7.5 Fighting
 - Level 8.0 Short Blades
 + Level 13.1 Dodging
 - Level 8.0 Stealth
 + Level 6.0 Shields
 * Level 16.3 Evocations


You had 11 spell levels left.
You didn't know any spells.
Your spell library contained the following spells:

 Spells                   Type           Power        Failure   Level  Hunger
 Bolt of Magma            Conj/Fire/Erth #.........   100%        5    ######.
 Iron Shot                Conj/Erth      #.........   100%        6    #######
 Statue Form              Tmut/Erth      #........    100%        6    #######
 Shatter                  Erth           #.........   100%        9    #######
 Leda's Liquefaction      Hex/Erth       #.........   97%         4    #####..


Dungeon Overview and Level Annotations

Branches:
Dungeon (13/15)            Temple (1/1) D:5            Lair (2/6) D:10
    Orc (1/2) D:9
  Swamp: Lair:2-4    Shoals: Lair:2-4     Snake: Lair:2-4    Spider: Lair:2-4
 Vaults: D:13-14

Altars:
Ashenzari
Fedhas
Gozag
Hepliaklqana
Makhleb
Okawaru
Ru
Sif Muna
Trog
Uskayaw
Vehumet
Wu Jian
Yredelemnul
Zin
The Shining One

Shops:
D:6 (   D:9 ?

Annotations:
D:12 Eptagon's ghost, journeyman SpBe
Lair:2 exclusion: hydra


Innate Abilities, Weirdness & Mutations

You are very small and have problems with some larger weapons.
You are too small for most types of armour.
You have supernaturally acute eyesight. (SInv)
You are a herbivore.
You cover ground extremely quickly.
You need to consume almost no food.


Message History

No target in view!
You now have 3093 gold pieces (gained 8).
M - a fuming emerald potion {!q} You now have 3113 gold pieces (gained 20).
There is an escape hatch in the floor here.
A yak comes into view.
A yak is nearby!
A yak is nearby!
A porcupine and 3 yaks come into view.
Found a stone staircase leading up. 2 yaks come into view.
The yak bellows! x2
The yak closely misses you.
The yak bellows! x2
You hit the yak.
The yak is lightly wounded.
You hit the yak.
The yak is moderately wounded.
You hit the yak. You drain the yak!
The yak is heavily wounded.
The yak barely misses you.
You hit the yak. You drain the yak!
The yak is heavily wounded.
You block the yak's attack.
You barely miss the yak.
The yak is heavily wounded.
You barely miss the yak.
The yak is heavily wounded.
The yak completely misses you.
You puncture the yak! You drain the yak!
The yak is almost dead.
You block the yak's attack.
You hit the yak.
You kill the yak!
The yak is distracted by the nearby gold.
The yak bellows!
You hit the porcupine but do no damage. You drain the porcupine!
The porcupine is lightly wounded.
You are struck by the porcupine's spines.
You hit the porcupine but do no damage. You drain the porcupine!
The porcupine is moderately wounded.
The yak is no longer distracted by gold.
You block the porcupine's attack.
You are struck by the porcupine's spines.
You barely miss the porcupine.
The porcupine is moderately wounded.
The porcupine completely misses you.
You are struck by the porcupine's spines.
* * * LOW HITPOINT WARNING * * *
You closely miss the porcupine.
The porcupine is moderately wounded.
The porcupine misses you.
You are struck by the porcupine's spines.
* * * LOW HITPOINT WARNING * * *
You closely miss the porcupine.
The porcupine is moderately wounded.
The porcupine bites you.
* * * LOW HITPOINT WARNING * * *
You closely miss the porcupine.
The porcupine is moderately wounded.
The porcupine completely misses you.
You are struck by the porcupine's spines.
You die...
Your body crumbles into a pile of gold.

## ### ##.# #### #
#######P###..########P.###
..<.......................
..........................
........Y.................
.......YY.............(...
..######r##.###.#..#..#..#
#...##@#.##.#...P.#.##.
........................
........................
........................
.....................>..
P#######.##.###.#####P..
##.... ###### ### #.P#
#P....P #### #.....######
### ######## #


You could see 3 yaks and a porcupine.

Vanquished Creatures
  Gastronok (Lair:1)
  A storm dragon (Volcano)
  Erolcha (D:9)
  Sonja (D:11)
  A salamander mystic (Volcano)
  An unseen horror (D:11)
  Pikel (D:4)
  A cyclops (D:12)
  A manticore (D:11)
  3 salamanders (Volcano)
  2 black mambas (Lair:1)
  2 molten gargoyles (Volcano)
  The ghost of zero the Digger, a novice TrEE of Vehumet (D:6)
  2 spiny frogs (Lair:1)
  A gargoyle (D:11)
  A kobold demonologist (D:11)
  A komodo dragon (Lair:2)
  3 polar bears (Lair:2)
  Prince Ribbit (D:6)
  A slime creature (D:12)
  3 hippogriffs
  9 yaks
  A wraith (D:11)
  A hog (D:12)
  A fire bat (Volcano)
  A hungry ghost (D:9)
  Edmund (D:6)
  7 water moccasins
  A warg (D:9)
  An acid dragon (D:11)
  2 hell hounds (Lair:2)
  A porcupine (Lair:2)
  6 orc warriors
  A swamp drake (Volcano)
  A sky beast (D:9)
  3 ice beasts
  4 slaves (D:4)
  2 necrophages (D:10)
  A phantom (D:10)
  4 ogres
  5 centaurs
  4 crocodiles
  Blork the orc (D:6)
  9 bullfrogs
  9 scorpions
  The ghost of incide the Skirmisher, a weakling DsWn (D:4)
  8 killer bees
  8 wights
  8 howler monkeys
  4 electric eels (D:9)
  3 crimson imps
  6 centaur zombies
  2 lava snakes (Volcano)
  A quasit (D:11)
  A bullfrog zombie (D:10)
  7 hounds
  Crazy Yiuf (D:3)
  A bullfrog skeleton (D:5)
  6 jellies
  5 orc priests
  11 orc wizards
  3 iguanas
  Ijyb (D:5)
  A merfolk avatar (Sewer)
  2 merfolk sirens (Sewer)
  11 worker ants
  2 big kobold zombies (Ossuary)
  3 mummies (Ossuary)
  The ghost of suvakkihuora the Ducker, a weakling SpBe of Okawaru (D:3)
  A worker ant zombie (D:7)
  4 gnolls (D:9)
  A howler monkey skeleton (D:6)
  4 river rats (Sewer)
  18 adders
  3 scorpion zombies (Ossuary)
  2 shadow imps
  2 adder zombies
  2 adder skeletons (D:4)
  5 worms
  A dart slug (D:1)
  10 leopard geckos
  66 orcs
  8 giant cockroaches
  A gnoll zombie (Ossuary)
  5 goblins
  6 hobgoblins
  5 jackals
  7 kobolds
  2 quokkas
  4 ball pythons (Sewer)
  8 bats
  6 frilled lizards
  3 goblin zombies (Ossuary)
  A hobgoblin zombie (Ossuary)
  4 kobold zombies (Ossuary)
  An orc zombie (Ossuary)
  2 quokka skeletons (D:6)
  24 rats
  2 plants (D:9)
411 creatures vanquished.

Vanquished Creatures (collateral kills)
  2 scorpions (Ossuary)
  3 ball pythons (Sewer)
  A rat (D:3)
6 creatures vanquished.

Vanquished Creatures (others)
  An ugly thing (D:12)
  3 scorpions (Ossuary)
  2 killer bees (D:10)
  An orc wizard (D:13)
  An adder (D:5)
  An orc (D:9)
  A gnoll zombie (Ossuary)
  5 plants
15 creatures vanquished.

Grand Total: 432 creatures vanquished

Notes
Turn   | Place    | Note
-------+----------+-------------------------------------------
     0 | D:1      | Amnesiac the Spriggan Artificer began the quest for the Orb.
     0 | D:1      | Reached XP level 1. HP: 9/9 MP: 4/4
   118 | D:4      | Noticed an orc wizard
   178 | D:3      | Noticed suvakkihuora's ghost (weakling SpBe)
   203 | D:1      | Noticed a five-headed hydra
   218 | D:1      | Noticed an elephant
   255 | D:2      | Found a glowing golden altar of the Shining One.
   259 | D:2      | Found a sacrificial altar of Ru.
   260 | D:2      | Found a radiant altar of Vehumet.
   260 | D:2      | Found a basalt altar of Yredelemnul.
   260 | D:2      | Found a blossoming altar of Fedhas.
   261 | D:2      | Found a glowing silver altar of Zin.
   262 | D:2      | Found a hazy altar of Hepliaklqana.
   263 | D:2      | Found a bloodstained altar of Trog.
   264 | D:2      | Found a hide-covered altar of Uskayaw.
   315 | D:2      | Reached XP level 2. HP: 11/14 MP: 6/6
   385 | D:2      | Found a burning altar of Makhleb.
   396 | D:2      | Reached XP level 3. HP: 12/17 MP: 7/7
   774 | D:3      | Reached skill level 9 in Evocations
   774 | D:3      | Reached XP level 4. HP: 12/21 MP: 7/11
   961 | D:3      | Found a glowing drain.
   972 | Sewer    | Entered a sewer
  1195 | Sewer    | Reached XP level 5. HP: 22/25 MP: 13/13
  1550 | Sewer    | Reached XP level 6. HP: 20/29 MP: 14/14
  2113 | D:3      | Found a runed door.
  2513 | D:3      | Noticed Crazy Yiuf
  2517 | D:3      | Killed Crazy Yiuf
  2517 | D:3      | Reached skill level 10 in Evocations
  2851 | D:4      | Noticed a slave
  2853 | D:4      | Noticed a slave
  2870 | D:4      | Noticed Pikel
  2898 | D:4      | Killed a slave
  2981 | D:4      | Noticed incide's ghost (weakling DsWn)
  2987 | D:4      | Killed incide's ghost
  2987 | D:4      | Reached XP level 7. HP: 29/32 MP: 15/15
  3245 | D:4      | Killed Pikel
  3245 | D:4      | Reached skill level 1 in Shields
  3721 | D:4      | Reached XP level 8. HP: 34/37 MP: 16/16
  4116 | D:5      | Entered Level 5 of the Dungeon
  4145 | D:5      | Found a sand-covered staircase.
  4220 | D:5      | Found a staircase to the Ecumenical Temple.
  4230 | Temple   | Entered the Ecumenical Temple
  4242 | Temple   | Became a worshipper of Gozag Ym Sagoz the Greedy
  4291 | Ossuary  | Entered an ossuary
  5275 | Ossuary  | Reached skill level 11 in Evocations
  6650 | D:5      | Reached XP level 9. HP: 18/40 MP: 18/18
  6778 | D:5      | Found a shattered altar of Ashenzari.
  6902 | D:5      | Noticed Ijyb
  6907 | D:5      | Killed Ijyb
  8713 | D:6      | Found Estoh's Weapon Shop.
  8806 | D:6      | Noticed Blork the orc
  8811 | D:6      | Killed Blork the orc
  8811 | D:6      | Reached skill level 12 in Evocations
  8844 | D:6      | Noticed zero's ghost (novice TrEE)
  8863 | D:6      | Killed zero's ghost
  8994 | D:3      | Killed suvakkihuora's ghost
  9795 | D:6      | Noticed Prince Ribbit
  9825 | D:6      | Killed Prince Ribbit
  9983 | D:6      | Noticed Edmund
  9991 | D:6      | Killed Edmund
 10013 | D:6      | Reached skill level 10 in Dodging
 10464 | D:7      | Reached XP level 10. HP: 38/44 MP: 20/20
 10765 | D:7      | Reached skill level 13 in Evocations
 11255 | D:8      | Found a basalt altar of Yredelemnul.
 12358 | D:9      | Found Wosmafal's Magic Scroll Boutique.
 12364 | D:9      | Bought a scroll of fear for 52 gold pieces
 13175 | D:9      | Noticed Erolcha
 13590 | D:9      | Found a staircase to the Orcish Mines.
 13735 | D:9      | Killed Erolcha
 13735 | D:9      | Reached skill level 14 in Evocations
 13780 | D:9      | Reached skill level 1 in Fighting
 14378 | D:10     | Entered Level 10 of the Dungeon
 14743 | D:10     | Found a staircase to the Lair.
 15092 | D:11     | Noticed a gargoyle
 15097 | D:11     | Killed a gargoyle
 15152 | D:11     | Reached XP level 11. HP: 46/52 MP: 22/22
 15251 | D:11     | HP: 2/53 [orc wizard/magic dart (11)]
 15626 | D:11     | Noticed an unseen horror
 15631 | D:11     | Killed an unseen horror
 15863 | D:11     | Noticed Sonja
 15866 | D:11     | Killed Sonja
 15866 | D:11     | Reached skill level 5 in Fighting
 16186 | D:11     | Found the +5 scythe "Finisher" {speed, Str+3}
 17149 | D:11     | Paralysed by a hornet for 3 turns
 17526 | D:12     | Noticed a cyan ugly thing
 17762 | D:12     | Noticed Eptagon's ghost (journeyman SpBe)
 17777 | D:13     | Noticed a centaur warrior
 17898 | D:12     | Noticed a red ugly thing
 17987 | D:12     | HP: 2/56 [slime creature (16)]
 18961 | Orc:1    | Entered Level 1 of the Orcish Mines
 19751 | Lair:1   | Entered Level 1 of the Lair of Beasts
 19836 | Lair:1   | Noticed Gastronok
 19876 | Lair:1   | Killed Gastronok
 19876 | Lair:1   | Reached skill level 5 in Shields
 20180 | Lair:1   | Reached skill level 15 in Evocations
 20253 | Lair:1   | Reached XP level 12. HP: 36/62 MP: 24/24
 21032 | Lair:1   | Found the +8 whip "Snakebite" {curare, rPois}
 21139 | Lair:2   | Noticed a seven-headed hydra
 21315 | Lair:2   | Found a dark tunnel.
 21497 | Volcano  | Entered a volcano
 21976 | Volcano  | Found a radiant altar of Vehumet.
 22406 | Volcano  | Reached skill level 16 in Evocations
 22437 | Volcano  | Noticed a red draconian
 22438 | Volcano  | Noticed an entropy weaver
 22438 | Volcano  | a red draconian changed into an entropy weaver
 22440 | Volcano  | Noticed a storm dragon
 22440 | Volcano  | an entropy weaver changed into a storm dragon
 22477 | Volcano  | Killed a storm dragon
 22803 | Lair:2   | Impaled on a porcupine's spines

Vault maps used:
D:1:      sevenhm_arrival_forest_fort_small_2
D:2:      minitemple, bloody_makhleb
D:3:      cheibrodos_sewer_entry_bend, minivault_24, uniq_crazy_yiuf_cottage
D:4:      serial_bayou_pond_b, uniq_pikel
D:5:      minmay_temple_entry_overgrown, first_ration, enter_ossuary_5,
          nicolae_ashenzari_panopticon, uniq_ijyb
D:6:      serial_shops, nicolae_shop_competitors_out_of_business,
          uniq_prince_ribbit1, uniq_blork_the_orc, uniq_edmund
D:7:      the_bakery
D:8:      dk_vineyard_3, yredelemnul_altar_generic
D:9:      orc_0_dummy, serial_shops, nicolae_shop_stone, chequers_big_river,
          uniq_erolcha
D:10:     lair_entry_dummy
D:11:     minmay_guarded_unrand_finisher, uniq_sonja
D:12:     evilmike_diamond_2, lemuel_old_faithful, uniq_maurice, uniq_josephine,
          uniq_kirke
D:13:     nicolae_trove_entry_crossroad, minmay_crystal_box
Temple:   nicolae_temple_god_jail
Lair:1:   minmay_guarded_unrand_snakebite, uniq_gastronok
Lair:2:   enter_volcano_3, cheibrodos_lair_lostbears, infiniplex_staircase_pool
Orc:1:    basic_altar, uniq_nergalle
Sewer:    sewer_sea
Ossuary:  ossuary_minmay_scorpions
Volcano:  volcano_lake

Skill      XL: |  1  2  3  4  5  6  7  8  9 10 11 12 |
---------------+-------------------------------------+-----
Stealth        | 2 7 8 |  8.0
Short Blades   | 6 7 8 |  8.0
Dodging        | 7 8 9 10 11 12 13 | 13.1
Evocations     | 9 10 11 12 14 15 16 | 16.3
Shields        | 1 2 3 4 5 6 |  6.0
Fighting       | 3 6 7 |  7.5

Action                   |  1- 3 |  4- 6 |  7- 9 | 10-12 || total
-------------------------+-------+-------+-------+-------++-------
Melee: Short sword       |    41 |   157 |       |   958 ||  1156
       Dagger            |       |    84 |   663 |   241 ||   988
 Fire: Blowgun           |       |       |       |     4 ||     4
Invok: Potion Petition   |       |       |       |     1 ||     1
Evoke: Wand              |     6 |    26 |    26 |    37 ||    95
  Use: Scroll            |     2 |       |     5 |    17 ||    24
       Potion            |     1 |       |     1 |     9 ||    11
 Stab: Sleeping          |     3 |    13 |    26 |    31 ||    73
       Betrayed ally     |       |     1 |       |       ||     1
       Distracted        |       |     2 |     2 |     6 ||    10
       Confused          |       |       |     1 |       ||     1
       Paralysed         |       |       |    12 |     4 ||    16
       Invisible         |       |       |       |     1 ||     1
  Eat: Ration            |       |     1 |     5 |     9 ||    15
Armor: Robe              |    13 |    12 |    13 |    32 ||    70
Dodge: Dodged            |   100 |   179 |   279 |   773 ||  1331
Block: Buckler           |       |     6 |    99 |   337 ||   442

Table legend:
 A = Spawn XP
 B = Non-spawn XP
 C = Spawn XP percentage of total XP
 D = Spawn monster count
 E = Non-spawn monster count
 F = Spawn count percentage of total count
 G = Total turns spent on level
                    A         B        C        D         E        F      G
               +---------+---------+-------+---------+---------+-------+---------
         Total |       0 |   32063 |   0.0 |       0 |     412 |   0.0 | 22803
               +---------+---------+-------+---------+---------+-------+---------
           D:1 |       0 |      45 |   0.0 |       0 |      25 |   0.0 |   839
           D:2 |       0 |     104 |   0.0 |       0 |      15 |   0.0 |   664
           D:3 |       0 |     208 |   0.0 |       0 |      26 |   0.0 |  2269
           D:4 |       0 |     959 |   0.0 |       0 |      20 |   0.0 |  1751
           D:5 |       0 |     680 |   0.0 |       0 |      19 |   0.0 |  1338
           D:6 |       0 |    1974 |   0.0 |       0 |      29 |   0.0 |   751
           D:7 |       0 |     790 |   0.0 |       0 |      14 |   0.0 |   769
           D:8 |       0 |     716 |   0.0 |       0 |      23 |   0.0 |  1594
           D:9 |       0 |    3273 |   0.0 |       0 |      49 |   0.0 |  2563
          D:10 |       0 |    1864 |   0.0 |       0 |      35 |   0.0 |  1099
          D:11 |       0 |    4805 |   0.0 |       0 |      33 |   0.0 |  2846
          D:12 |       0 |    1008 |   0.0 |       0 |       3 |   0.0 |   646
          D:13 |       0 |      96 |   0.0 |       0 |       1 |   0.0 |    13
        Lair:1 |       0 |    6462 |   0.0 |       0 |      21 |   0.0 |  1383
        Lair:2 |       0 |    2330 |   0.0 |       0 |      12 |   0.0 |   579
         Sewer |       0 |     220 |   0.0 |       0 |      44 |   0.0 |   735
       Ossuary |       0 |     857 |   0.0 |       0 |      31 |   0.0 |  1845
       Volcano |       0 |    5672 |   0.0 |       0 |      12 |   0.0 |  1090
               +---------+---------+-------+---------+---------+-------+---------
